Map: Frozen Temple

Players

MrBulldops - Winner!

  • Race: Terran Terran
  • League: Gold
  • Spawn Location: 5:00

Fropez

  • Race: Protoss Protoss
  • League: Gold
  • Spawn Location: 11:00

VOD

Have the link to the VOD?

Description

Time

  • Played on: Oct. 12, 2016, 1:49 p.m.
  • Length: 8:19
Show
View Real Time Build Order
Export as new Build Order

MrBulldops Terran - Winner!

Build Orders:  

Get SALT Encoding   

  12  0:03  SCV  
  13  0:19  Supply Depot  
  13  0:23  SCV  
  14  0:35  SCV  
  15  0:43  Refinery  
  15  0:44  Barracks  
  15  0:47  SCV  
  16  0:59  SCV  
  17  1:11  SCV  
  18  1:23  SCV  
  19  1:31  Supply Depot  
  19  1:32  Reaper  
  20  1:36  Orbital Command  
  20  1:40  Refinery  
  20  2:05  SCV  
  21  2:18  SCV  
  21  2:20  Marine  
  23  2:26  Command Center  
  23  2:36  Factory  
  23  2:40  Supply Depot  
  23  2:48  Barracks Tech Lab  
  23  3:08  Marauder  
  25  3:15  Engineering Bay  
  24  3:24  Factory Reactor  
  24  3:25  Widow Mine  
  26  3:28  Starport  
  26  3:29  Marauder  
  28  3:40  Barracks  
  28  3:43  Terran Infantry Weapons Level 1  
  28  3:47  Orbital Command  
  28  3:50  Marauder  
  28  3:51  SCV  
  28  3:53  Widow Mine  
  33  4:03  SCV  
  33  4:06  Orbital Command  
  33  4:07  Stimpack  
  33  4:09  Medivac  
  36  4:30  Barracks Reactor  
  36  4:34  Marauder  
  38  4:54  SCV  
  38  4:55  SCV, Marauder  
  38  4:57  Starport Tech Lab  
  38  4:59  Starport Reactor  
  42  5:06  SCV  
  42  5:07  Marine, SCV  
  44  5:08  Marine  
  46  5:14  Supply Depot  
  46  5:17  Marauder  
  48  5:25  Marine x2  
  48  5:51  Marauder  
  48  5:53  Marine x2  
  52  6:01  Medivac  
  52  6:02  Medivac  
  56  6:09  Supply Depot  
  56  6:11  Marine x2  
  56  6:12  SCV x2  
  56  6:13  Marauder  
  56  6:14  Liberator  
  62  6:24  SCV x2  
  62  6:30  Marine x2  
  67  6:34  Marauder  
  67  6:36  SCV  
  70  6:50  Marine x2, SCV  
  73  6:56  Marauder  
  72  7:08  Concussive Shells  
  71  7:17  Marauder  
Show
View Real Time Build Order
Export as new Build Order

Fropez Protoss 

Build Orders: Blink Stalkers 

Get SALT Encoding   

  12  0:03  Probe (Chrono Boost)  
  13  0:19  Probe (Chrono Boost)  
  14  0:24  Pylon  
  14  0:31  Probe (Chrono Boost)  
  14  0:34  Assimilator  
  15  0:42  Probe (Chrono Boost)  
  16  0:45  Gateway  
  16  0:53  Probe (Chrono Boost)  
  17  1:03  Probe (Chrono Boost)  
  18  1:08  Gateway  
  18  1:14  Probe (Chrono Boost)  
  19  1:24  Probe (Chrono Boost)  
  20  1:35  Probe (Chrono Boost)  
  20  1:36  Cybernetics Core  
  21  1:42  Pylon  
  21  1:45  Probe (Chrono Boost)  
  22  2:01  Assimilator  
  22  2:15  Warp Gate  
  21  2:16  Twilight Council  
  21  2:20  Stalker  
  23  2:29  Stalker  
  25  2:33  Probe (Chrono Boost)  
  26  2:48  Probe (Chrono Boost)  
  26  2:49  Pylon  
  27  2:57  Blink (Chrono Boost)  
  27  3:08  Stalker  
  29  3:20  Stalker  
  31  3:30  Probe  
  31  3:31  Nexus  
  32  3:37  Pylon  
  32  3:40  Stalker  
  34  3:47  Mothership Core  
  36  4:06  Forge  
  36  4:09  Gateway  
  36  4:17  Pylon  
  36  4:30  Stalker  
  36  4:31  Stalker  
  40  4:44  Probe  
  40  4:46  Probe  
  40  4:47  Protoss Ground Weapons Level 1 (Chrono Boost)  
  42  4:58  Robotics Facility  
  42  5:05  Stalker  
  44  5:07  Probe  
  44  5:10  Probe  
  46  5:17  Probe  
  46  5:20  Stalker  
  49  5:37  Pylon  
  47  5:48  Observer (Chrono Boost)  
  48  6:00  Stalker  
  48  6:01  Stalker x2  
  54  6:06  Assimilator  
  54  6:08  Assimilator  
  52  6:12  Gateway  
  52  6:14  Gateway  
  52  6:35  Stalker  
  52  7:07  Stalker x3  
  44  7:25  Stalker x2  
  42  7:48  Stalker x4  
  28  8:06  Stalker x3  
Tags
 
Composition
Blink Stalkers
League
GoldGold
Matchup
PvT
Replay Pack
All Mines
Spawn Locations
Cross Positions
Add a new tag
Caveats
  • Supply blocks, unpowered buildings, or Contaminate may cause inaccurate times.
  • Supply counts are checked every 10 seconds.